 Dungeon Crawl Stone Soup version 0.25.0-11-g1f837a76a1 (webtiles) character file.

Game seed: 2778125975632715216

337905 Delamore the Bludgeoner (level 21, 0/144 HPs)
             Began as a Gargoyle Fighter on June 27, 2020.
             Was the Champion of Okawaru.
             Killed from afar by a deep elf annihilator (36 damage)
             ... with an iron shot
             ... on level 4 of the Vaults.
             The game lasted 01:35:35 (57156 turns).

Delamore the Bludgeoner (Gargoyle Fighter)         Turns: 57156, Time: 01:35:35

Health: 0/144      AC: 54    Str: 31    XL:     21   Next: 92%
Magic:  25/25      EV: 11    Int: 23    God:    Okawaru [******]
Gold:   751        SH: 18    Dex:  9    Spells: 20/20 levels left

rFire    + + .     SeeInvis .   L - +6 eveningstar (freeze)
rCold    + . .     Gourm    .   w - +2 kite shield {AC+3}
rNeg     + . .     Faith    +   q - +3 gold dragon scales of the Onion {rPois rF+ rC+ Str+2 Stlth+}
rPois    ∞         Spirit   .   x - +2 hood of the Assassin {Detection Stab+ Stlth++}
rElec    +         Reflect  .   b - +2 cloak "Alaoch" {*Contam Int+7}
rCorr    .         Harm     .   u - +2 pair of gloves {Str+3}
MR       +++..                  K - +2 pair of boots
Stlth    ..........             t - amulet of faith
HPRegen  0.34/turn              J - ring of protection from fire
MPRegen  0.19/turn              z - ring of the Mage {Wiz MR++ Int+3}

@: no status effects
A: big wings, negative energy resistance 1, electricity resistance, unbreathing,
petrification resistance, rot immunity, AC +16
}: 2/15 runes: serpentine, barnacled
a: Fly, Heroism, Finesse, Renounce Religion


You were on level 4 of the Vaults.
You worshipped Okawaru.
Okawaru was exalted by your worship.
You were not hungry.

You visited 8 branches of the dungeon, and saw 37 of its levels.
You also visited: Bailey and Gauntlet.

You collected 3390 gold pieces.
You spent 2639 gold pieces at shops.

Inventory:

Hand Weapons
 c - a +4 morningstar of holy wrath
 G - the +6 shillelagh "Devastator" {shatter}
   (Okawaru gifted it to you on level 2 of the Vaults)
 L - a +6 eveningstar of freezing (weapon)
Missiles
 e - 8 throwing nets (quivered)
 U - 24 silver javelins
Armour
 b - the +2 cloak "Alaoch" (worn) {*Contam Int+7}
   (Okawaru gifted it to you on level 5 of the Lair of Beasts)

   It affects your intelligence (+7).
   It causes magical contamination when unequipped.
 q - the +3 gold dragon scales of the Onion (worn) {rPois rF+ rC+ Str+2 Stlth+}
   (You found it in a bailey)

   It affects your strength (+2).
   It protects you from fire.
   It protects you from cold.
   It protects you from poison.
   It makes you more stealthy.
 u - a +2 pair of gloves of strength (worn)
 w - a +2 kite shield of protection (worn)
 x - the +2 hood of the Assassin (worn) {Detection Stab+ Stlth++}
   (You found it on level 14 of the Dungeon)

   It makes you much more stealthy.
 K - a +2 pair of boots (worn)
 Y - a +2 tower shield of cold resistance
Jewellery
 h - an uncursed amulet of regeneration
 p - an uncursed ring of protection from cold
 t - an amulet of faith (around neck)
 z - the ring of the Mage (right hand) {Wiz MR++ Int+3}
   (You bought it in a shop on level 1 of the Snake Pit)

   [ring of wizardry]

   It improves your spell success rate.
   It affects your intelligence (+3).
   It affects your resistance to hostile enchantments.
 J - a ring of protection from fire (left hand)
 V - an uncursed ring of resist corrosion
Wands
 y - a wand of polymorph (24)
 A - a wand of random effects (21)
 C - a wand of iceblast (12)
 E - a wand of acid (73)
 F - a wand of disintegration (62)
 S - a wand of flame (54)
Scrolls
 a - 4 scrolls of fog
 g - 5 scrolls of fear
 j - 19 scrolls of remove curse
 k - 6 scrolls of teleportation
 n - 6 scrolls of identify
 o - 8 scrolls of enchant armour
 r - 2 scrolls of immolation
 s - 3 scrolls of silence
 D - 2 scrolls of blinking
 Q - 2 scrolls of magic mapping
 Z - a scroll of holy word
Potions
 d - 5 potions of might
 i - 3 potions of heal wounds
 m - 3 potions of haste
 v - a potion of mutation
 B - a potion of invisibility
 H - 2 potions of berserk rage
 M - a potion of ambrosia
 N - 3 potions of stabbing
 O - 4 potions of resistance
 P - a potion of cancellation
 X - 4 potions of curing
Miscellaneous
 I - 3 phantom mirrors
 W - 4 boxes of beasts
Comestibles
 f - 50 rations


   Skills:
 - Level 19.1 Fighting
 - Level 19.7 Maces & Flails
 - Level 11.3 Throwing
 - Level 14.2 Armour
 + Level 13.2 Dodging
 + Level 19.5 Shields
 - Level 6.3 Invocations


You had 20 spell levels left.
You didn't know any spells.
Your spell library contained the following spells:

 Spells                   Type           Power        Failure   Level  Hunger
 Animate Skeleton         Necr           N/A          65%         1    ##.....
 Apportation              Tloc           #.....       65%         1    ##.....
 Beastly Appendage        Tmut           #.....       65%         1    ##.....
 Corona                   Hex            #......      65%         1    ##.....
 Magic Dart               Conj           #...         65%         1    ##.....
 Pain                     Necr           #...         65%         1    ##.....
 Sting                    Tmut/Pois      #...         65%         1    ##.....
 Summon Butterflies       Summ           #.......     65%         1    ##.....
 Summon Small Mammal      Summ           #...         65%         1    ##.....
 Blink                    Tloc           N/A          78%         2    ###....
 Call Imp                 Summ           #.......     78%         2    ###....
 Ensorcelled Hibernation  Hex/Ice        #.....       78%         2    ###....
 Poisonous Vapours        Pois/Air       #.....       78%         2    ###....
 Slow                     Hex            #.......     78%         2    ###....
 Sticks to Snakes         Tmut           #.......     78%         2    ###....
 Call Canine Familiar     Summ           #.......     94%         3    ####...
 Confusing Touch          Hex            #.......     94%         3    ####...
 Conjure Flame            Conj/Fire      #.......     94%         3    ####...
 Dazzling Flash           Conj/Hex       #.....       94%         3    ####...
 Ignite Poison            Fire/Tmut/Pois #.......     94%         3    ####...
 Inner Flame              Hex/Fire       #.......     94%         3    ####...
 Lesser Beckoning         Tloc           #.........   94%         3    ####...
 Mephitic Cloud           Conj/Pois/Air  #.......     94%         3    ####...
 Portal Projectile        Hex/Tloc       #.....       94%         3    ####...
 Spider Form              Tmut/Pois      #.........   94%         3    ####...
 Summon Guardian Golem    Hex/Summ       #.......     94%         3    ####...
 Tukima's Dance           Hex            #.......     94%         3    ####...
 Vampiric Draining        Necr           #.........   94%         3    ####...
 Animate Dead             Necr           N/A          100%        4    #####..
 Cause Fear               Hex            #.........   100%        4    #####..
 Ice Form                 Ice/Tmut       #.......     100%        4    #####..
 Leda's Liquefaction      Hex/Erth       #.........   100%        4    #####..
 Olgreb's Toxic Radiance  Pois           #.......     100%        4    #####..
 Summon Ice Beast         Ice/Summ       #.......     100%        4    #####..
 Summon Lightning Spire   Summ/Air       #.......     100%        4    #####..
 Agony                    Necr           #.......     100%        5    ######.
 Alistair's Intoxication  Tmut/Pois      #.......     100%        5    ######.
 Blade Hands              Tmut           #.........   100%        5    ######.
 Bolt of Magma            Conj/Fire/Erth #.........   100%        5    ######.
 Excruciating Wounds      Chrm/Necr      #.........   100%        5    ######.
 Iskenderun's Battlesphe  Conj/Chrm      #.......     100%        5    ######.
 Invisibility             Hex            #.......     100%        6    #######
 Iron Shot                Conj/Erth      #.........   100%        6    #######
 Orb of Destruction       Conj           #.........   100%        7    #######
 Spellforged Servitor     Conj/Summ      #.........   100%        7    #######


Dungeon Overview and Level Annotations

Branches:
Dungeon (14/15)            Temple (1/1) D:4            Lair (6/6) D:9
 Shoals (4/4) Lair:3        Snake (4/4) Lair:2        Slime (0/5) Lair:5
    Orc (2/2) D:10            Elf (2/3) Orc:2        Vaults (4/5) D:14
  Crypt (0/3) Vaults:3     Bailey (visited)         Gauntlet (visited)

Altars:
Ashenzari
Cheibriados
Dithmenos
Elyvilon
Fedhas
Gozag
Hepliaklqana
Kikubaaqudgha
Makhleb
Nemelex Xobeh
Okawaru
Qazlal
Ru
Sif Muna
Trog
Uskayaw
Vehumet
Wu Jian
Xom
Yredelemnul
Zin
The Shining One
Beogh

Shops:
Orc:2 ***[   Shoals:2 *   Shoals:3 (*   Snake:1 =}}   Snake:2 [?%   Vaults:3 !


Innate Abilities, Weirdness & Mutations

You are resistant to torment.
Your stone body is resilient. (AC +16)
You are immune to poison.
Your large and strong wings let you fly indefinitely.
You resist negative energy. (rN+)
You are resistant to electric shocks. (rElec)
You can survive without breathing.
You are immune to petrification.
You are immune to rotting.


Message History

You throw a throwing net.
The throwing net hits the deep elf annihilator.
The deep elf annihilator is caught in the net!
The deep elf annihilator is heavily wounded.
The deep elf annihilator gestures at you while chanting.
The poison arrow hits you! You partially resist.
* * * LOW HITPOINT WARNING * * *
The deep elf annihilator struggles against the net.
The deep elf annihilator casts a spell at you.
The bolt of lightning misses you.
The deep elf annihilator struggles against the net.
The deep elf annihilator struggles against the net.
The deep elf annihilator gestures wildly while chanting.
The deep elf annihilator blinks!
The deep elf annihilator hits you but does no damage.
You bludgeon the deep elf annihilator!! You freeze the deep elf annihilator.
The deep elf annihilator is severely wounded.
The deep elf annihilator points at you and mumbles some strange words.
The iron shot hits you!!!
You die...

#...#(#(#)#...#
#.8..%#(#=..8.#
#...#?#)#(#...#
## ###)### ##
#######(######
.......).....#
.............#
.......e..$..#
........@....#
.............#
########.....#
#.....#
#.....########
#.....#......#
#.....#......#
#########
#.....'......#
##.......##
#.....#......#


You could see a deep elf annihilator.

Vanquished Creatures
  Vashnia (Snake:1)
  Xtahua (Vaults:3)
  Nikola (Shoals:1)
  Jory (Vaults:3)
  A tentacled monstrosity (Vaults:4)
  A deep elf blademaster (Elf:2)
  A titan (Vaults:4)
  Polyphemus (Shoals:2)
  An ancient champion (Vaults:3)
  A shadow dragon (Vaults:4)
  2 tengu reavers (Vaults:4)
  Kirke (Shoals:1)
  Ilsuiw (Shoals:3)
  8 nagarajas
  2 frost giants
  Aizul (Elf:1)
  A balrug (Gauntlet)
  A vault warden (Vaults:4)
  A deep elf sorcerer (Elf:1)
  2 fire giants
  A ghoul (Vaults:1)
  2 very ugly things (Vaults:4)
  7 ironheart preservers
  9 stone giants
  Nessos (Lair:4)
  A deep elf annihilator (Elf:2)
  A minotaur (Gauntlet)
  A crystal guardian (Vaults:4)
  4 merfolk javelineers
  Snorg (D:10)
  3 deep elf death magi
  A fire dragon (Vaults:1)
  10 merfolk impalers
  An ettin (Vaults:3)
  6 yaktaur captains
  3 ice dragons
  2 great orbs of eyes
  3 merfolk avatars
  2 catoblepae
  11 naga warriors
  2 vault guards
  3 rakshasas (Vaults:2)
  8 hydras
  8 ogre magi
  12 anacondas
  Erica (Orc:1)
  4 alligator snapping turtles
  4 death knights
  6 centaur warriors
  32 two-headed ogres
  6 merfolk aquamancers
  3 deep troll shamans
  A satyr (Shoals:4)
  11 death yaks
  3 orc high priests (Orc:2)
  21 dancing weapons
  11 naga sharpshooters
  A tengu warrior (D:13)
  15 deep elf knights
  9 shock serpents
  Sonja (D:11)
  2 shadow wraiths
  2 salamander mystics
  A flayed ghost (Vaults:4)
  7 deep trolls
  13 skeletal warriors
  2 glowing orange brains
  2 unseen horrors
  3 wizards
  A lindwurm (Lair:6)
  2 phantasmal warriors
  10 deep elf archers
  3 naga ritualists
  11 sea snakes
  3 necromancers
  5 ironbrand convokers
  11 harpies
  18 orc knights
  A wolf spider (Vaults:1)
  40 deep elf magi
  12 manticores
  27 ugly things
  5 orc sorcerers (Orc:2)
  8 cyclopes
  Maurice (Orc:2)
  5 mana vipers
  16 salamanders
  10 merfolk sirens
  13 elephants
  2 centaur zombies
  11 vault sentinels
  A black mamba (shapeshifter) (Vaults:3)
  11 fauns
  29 black mambas
  7 guardian serpents
  18 naga magi
  3 gargoyles
  12 spiny frogs
  4 centaur skeletons
  6 water nymphs
  3 rime drakes
  A spiny frog (shapeshifter) (Elf:1)
  A torpor snail (shapeshifter) (Vaults:4)
  38 yaktaurs
  8 freezing wraiths
  A komodo dragon (shapeshifter) (Vaults:3)
  11 komodo dragons
  29 merfolk
  3 harpy zombies (Shoals:1)
  2 trolls
  9 wind drakes
  A polar bear (Lair:6)
  A meliai (shapeshifter) (Vaults:2)
  A harpy skeleton (D:12)
  3 meliai (D:14)
  A troll (shapeshifter) (Vaults:1)
  A raiju (Gauntlet)
  2 hornets
  2 hornets (shapeshifter)
  12 blink frogs
  A hippogriff (shapeshifter) (Vaults:3)
  12 dream sheep
  A stone giant simulacrum (Vaults:1)
  11 slime creatures
  7 hippogriffs
  3 snapping turtles
  2 shadows (D:12)
  An air elemental (Elf:1)
  Eustachio (Temple)
  4 wraiths
  4 wyverns
  2 fire elementals (Elf:2)
  A hog (Shoals:1)
  A basilisk (Lair:6)
  15 water elementals
  39 yaks
  19 humans (D:14)
  4 steam dragons
  3 vampire mosquitoes (D:12)
  A hungry ghost (D:9)
  A yaktaur simulacrum (Vaults:3)
  A soldier ant (D:12)
  3 wargs
  A naga (shapeshifter) (Vaults:2)
  63 nagas
  A swamp worm (shapeshifter) (Vaults:3)
  3 acid dragons
  4 porcupines
  10 water moccasins
  30 orc warriors
  6 sky beasts
  3 black bears
  An ice beast (D:5)
  A hornet zombie (D:7)
  A necrophage (D:11)
  16 wolves
  An eye of draining (D:12)
  16 ogres
  2 phantoms
  12 boggarts
  18 centaurs
  10 crocodiles
  A hippogriff zombie (Shoals:1)
  3 big kobolds (D:12)
  3 elf zombies (Elf:1)
  20 bullfrogs
  Blork the orc (D:3)
  A gnoll sergeant (D:9)
  7 scorpions
  A water moccasin skeleton (D:7)
  4 wights (D:6)
  6 killer bees (D:9)
  3 howler monkeys (D:8)
  5 crimson imps
  4 lava snakes (Snake:1)
  A bullfrog zombie (D:8)
  14 jellies
  A gnoll shaman (D:6)
  19 orc priests
  6 hounds
  2 bullfrog skeletons
  4 iguanas
  Terence (D:2)
  18 orc wizards
  11 worker ants
  2 hound skeletons
  2 worker ant zombies
  Robin (D:4)
  12 gnolls
  14 adders
  3 shadow imps
  12 oozes (D:13)
  An adder zombie (D:9)
  3 adder skeletons
  6 worms
  6 dart slugs
  10 leopard geckos
  75 orcs
  3 ball pythons
  11 bats
  A bat zombie (Shoals:1)
  8 giant cockroaches
  10 hobgoblins
  4 jackals
  10 kobolds
  6 quokkas
  6 frilled lizards
  16 goblins
  A jackal zombie (D:7)
  2 leopard gecko zombies (D:6)
  5 rats
  A bush (D:3)
  A plant (Shoals:2)
1434 creatures vanquished.

Vanquished Creatures (others)
  An ironheart preserver (Vaults:4)
  A merfolk aquamancer (Shoals:1)
  A naga sharpshooter (Snake:2)
  A deep elf knight (Elf:2)
  2 harpies (Vaults:2)
  A merfolk siren (Shoals:1)
  A merfolk (Shoals:1)
  A human (Shoals:1)
  An orc wizard (Vaults:4)
  26 fungi
  24 plants
60 creatures vanquished.

Grand Total: 1494 creatures vanquished

Notes
Turn   | Place    | Note
-------+----------+-------------------------------------------
     0 | D:1      | Delamore the Gargoyle Fighter began the quest for the Orb.
     0 | D:1      | Reached XP level 1. HP: 14/14 MP: 1/1
   176 | D:1      | Reached XP level 2. HP: 19/19 MP: 2/2
   398 | D:1      | Reached XP level 3. HP: 24/24 MP: 3/3
   913 | D:2      | Found an ancient bone altar of Kikubaaqudgha.
   914 | D:2      | Noticed Terence
   926 | D:2      | Killed Terence
   926 | D:2      | Reached XP level 4. HP: 14/30 MP: 4/4
  1360 | D:2      | Reached XP level 5. HP: 30/34 MP: 5/5
  2192 | D:3      | Found a white marble altar of Elyvilon.
  2803 | D:3      | Reached XP level 6. HP: 40/40 MP: 6/6
  3092 | D:4      | Noticed Blork the orc
  3100 | D:3      | Killed Blork the orc
  3100 | D:3      | Reached skill level 5 in Maces & Flails
  3365 | D:4      | Noticed a phantom
  3412 | D:4      | Killed a phantom
  3451 | D:4      | Noticed Robin
  3458 | D:4      | Reached XP level 7. HP: 40/44 MP: 7/7
  3462 | D:4      | Killed Robin
  3887 | D:4      | Found a staircase to the Ecumenical Temple.
  3893 | D:4      | Noticed Eustachio
  3898 | Temple   | Entered the Ecumenical Temple
  3937 | Temple   | Killed Eustachio
  3937 | Temple   | Reached skill level 5 in Fighting
  3949 | Temple   | Became a worshipper of Warmaster Okawaru
  4243 | D:5      | Entered Level 5 of the Dungeon
  4436 | D:5      | Reached XP level 8. HP: 37/51 MP: 8/8
  4681 | D:5      | Reached * piety under Okawaru
  5205 | D:6      | Reached ** piety under Okawaru
  5411 | D:6      | Reached skill level 10 in Maces & Flails
  5411 | D:6      | Reached XP level 9. HP: 54/55 MP: 9/9
  5471 | D:6      | Found a radiant altar of Vehumet.
  5892 | D:6      | Found a burning altar of Makhleb.
  5894 | D:6      | Found an ornate altar of the Wu Jian Council.
  5894 | D:6      | Found a shimmering altar of Xom.
  5896 | D:6      | Found a burning altar of Makhleb.
  5896 | D:6      | Found an ornate altar of the Wu Jian Council.
  5896 | D:6      | Found an iron altar of Okawaru.
  6148 | D:7      | Noticed a two-headed ogre
  6180 | D:7      | Killed a two-headed ogre
  6180 | D:7      | Reached *** piety under Okawaru
  6519 | D:7      | Noticed a green ugly thing
  6553 | D:7      | Killed a green ugly thing
  6553 | D:7      | Reached **** piety under Okawaru
  6750 | D:7      | Reached XP level 10. HP: 58/61 MP: 10/10
  7797 | D:8      | Reached ***** piety under Okawaru
  7830 | D:8      | Received a gift from Okawaru
  8445 | D:9      | Found a staircase to the Lair.
  9088 | D:10     | Entered Level 10 of the Dungeon
  9516 | D:10     | Found a blossoming altar of Fedhas.
  9527 | D:10     | Noticed a gargoyle
  9530 | D:10     | Noticed a two-headed ogre
  9566 | D:10     | Killed a gargoyle
  9579 | D:10     | Killed a two-headed ogre
  9579 | D:10     | Reached XP level 11. HP: 45/72 MP: 11/11
  9597 | D:10     | Reached skill level 10 in Fighting
  9645 | D:10     | Received a gift from Okawaru
  9806 | D:10     | Noticed a centaur warrior
  9808 | D:10     | Noticed a cyclops
  9840 | D:10     | Killed a centaur warrior
 10080 | D:10     | Noticed a white ugly thing
 10813 | Lair:1   | Entered Level 1 of the Lair of Beasts
 11493 | Lair:1   | Received a gift from Okawaru
 11557 | Lair:1   | Received a gift from Okawaru
 11868 | Lair:1   | Noticed a six-headed hydra
 11883 | Lair:1   | Killed a six-headed hydra
 12277 | Lair:2   | Noticed a six-headed hydra
 12287 | Lair:2   | Killed a six-headed hydra
 12287 | Lair:2   | Reached XP level 12. HP: 71/81 MP: 9/12
 12441 | Lair:2   | Found a staircase to the Snake Pit.
 12463 | Lair:2   | Reached skill level 15 in Maces & Flails
 12916 | Lair:2   | Received a gift from Okawaru
 14261 | Lair:3   | Reached ****** piety under Okawaru
 14261 | Lair:3   | Reached skill level 5 in Armour
 14381 | Lair:3   | Found a staircase to the Shoals.
 14521 | Lair:3   | Identified a scroll of acquirement
 14582 | Lair:3   | Received a gift from Okawaru
 14771 | Lair:3   | Noticed a seven-headed hydra
 14784 | Lair:3   | Killed a seven-headed hydra
 14967 | Lair:3   | Found a radiant altar of Vehumet.
 16137 | Lair:4   | Noticed Nessos
 16156 | Lair:4   | Killed Nessos
 16156 | Lair:4   | Reached XP level 13. HP: 86/87 MP: 13/13
 16499 | Lair:4   | HP: 3/87 [komodo dragon (12)]
 17098 | Lair:5   | Received a gift from Okawaru
 17099 | Lair:5   | Got a jewelled cloak {god gift}
 17105 | Lair:5   | Identified the +2 cloak "Alaoch" {*Contam Int+7} (Okawaru
                  | gifted it to you on level 5 of the Lair of Beasts)
 17224 | Lair:5   | Reached skill level 10 in Armour
 17862 | Lair:5   | Found a staircase to the Slime Pits.
 18476 | Lair:6   | Entered Level 6 of the Lair of Beasts
 19521 | Lair:6   | Received a gift from Okawaru
 20146 | Lair:6   | Gained mutation: Your large and strong wings let you fly
                  | indefinitely. [Gargoyle growth]
 20146 | Lair:6   | Reached XP level 14. HP: 89/92 MP: 14/14
 20639 | Lair:6   | Reached skill level 1 in Dodging
 20927 | Lair:6   | Received a gift from Okawaru
 20985 | Lair:6   | Got a polished buckler {god gift}
 20996 | Lair:6   | Identified the +0 buckler of Kefegion {rC+} (Okawaru gifted
                  | it to you on level 6 of the Lair of Beasts)
 22071 | D:10     | Noticed Snorg
 22101 | D:10     | HP: 2/92 [Snorg (11)]
 22491 | D:10     | Killed Snorg
 22491 | D:10     | Reached skill level 5 in Dodging
 22888 | D:10     | Found a staircase to the Orcish Mines.
 23565 | D:11     | Found a bloodstained altar of Trog.
 24095 | D:11     | Noticed Sonja
 24121 | D:11     | Killed Sonja
 24121 | D:11     | Reached skill level 1 in Invocations
 24742 | D:12     | Received a gift from Okawaru
 24832 | D:12     | Reached skill level 5 in Invocations
 25313 | D:12     | You fall into a shaft and drop 1 floor!
 25462 | D:13     | Reached XP level 15. HP: 88/99 MP: 19/19
 26210 | D:14     | Found a gate leading to a gauntlet.
 26216 | D:14     | Found a flagged portal.
 26223 | Bailey   | Entered a bailey
 26312 | Bailey   | Reached skill level 15 in Fighting
 26364 | Bailey   | Got shimmering gold dragon scales
 26429 | Gauntlet | Entered a Gauntlet
 26429 | Gauntlet | Found a transporter.
 26429 | Gauntlet | Found a transporter.
 26429 | Gauntlet | Found a transporter.
 26429 | Gauntlet | Found a transporter.
 26441 | Gauntlet | Identified the +3 gold dragon scales of the Onion {rPois
                  | rF+ rC+ Str+2 Stlth+} (You found it in a bailey)
 26450 | Gauntlet | Found a transporter.
 26485 | Gauntlet | Found a transporter.
 26489 | Gauntlet | Found a transporter.
 26502 | Gauntlet | Found a transporter.
 26503 | Gauntlet | Noticed a balrug
 26525 | Gauntlet | Found a transporter.
 26548 | Gauntlet | Found a transporter.
 26552 | Gauntlet | Found a transporter.
 26564 | Gauntlet | Found a transporter.
 26635 | Gauntlet | Got a steaming brass ring
 26644 | Gauntlet | Received a gift from Okawaru
 26654 | Gauntlet | Identified the ring "Hiohogokas" {*Tele rN+ MP+9 Dex+3}
                  | (You found it in a Gauntlet)
 26826 | Gauntlet | Killed a balrug
 26838 | Gauntlet | Got a warped granite ring
 26841 | Gauntlet | Identified the ring of the Heavens {MR+ Dex+5} (You found
                  | it in a Gauntlet)
 26846 | Gauntlet | Identified the +9 dagger "Ride" {vorpal, Fragile Str+3
                  | Int+4}
 26846 | Gauntlet | Identified the cursed +1 scale mail "Fyxiyrr" {rPois Int+3}
 27039 | Gauntlet | Found the +3 robe of Clouds {+Thunder rCloud rElec}
 27461 | D:14     | Found a gate to the Vaults.
 27462 | D:14     | Found the +2 hood of the Assassin {Detection Stab+ Stlth++}
 27469 | D:14     | Reached skill level 5 in Shields
 27488 | D:14     | Received a gift from Okawaru
 29208 | Orc:1    | Entered Level 1 of the Orcish Mines
 29295 | Orc:1    | Noticed Erica
 29303 | Orc:1    | Killed Erica
 29498 | Orc:2    | Entered Level 2 of the Orcish Mines
 29530 | Orc:2    | Noticed Maurice
 29558 | Orc:2    | Killed Maurice
 29577 | Orc:2    | Found a roughly hewn altar of Beogh.
 29624 | Orc:2    | Received a gift from Okawaru
 29663 | Orc:2    | Found a staircase to the Elven Halls.
 29934 | Orc:2    | Found Xanaco's Assorted Antiques.
 29968 | Orc:2    | Reached skill level 10 in Shields
 29998 | Orc:2    | Reached XP level 16. HP: 75/111 MP: 17/20
 30598 | Orc:2    | Got heavily runed gold dragon scales {god gift}
 30685 | Orc:2    | Found Ecreluic's Armour Emporium.
 30768 | Orc:2    | Found Fetiany's General Store.
 30773 | Orc:2    | Found Wirech's Assorted Antiques.
 30777 | Orc:2    | Bought a scroll labeled ANOTOR IDEXTEG for 29 gold pieces
 30785 | Orc:2    | Bought a scroll of identify for 22 gold pieces
 30785 | Orc:2    | Bought a scroll of silence for 82 gold pieces
 30785 | Orc:2    | Bought a scroll of identify for 22 gold pieces
 30785 | Orc:2    | Bought a potion of haste for 110 gold pieces
 30787 | Orc:2    | Bought a scroll of identify for 60 gold pieces
 30787 | Orc:2    | Bought 2 golden potions for 54 gold pieces
 30787 | Orc:2    | Bought a pair of glowing boots for 225 gold pieces
 30788 | Orc:2    | Identified the +1 gold dragon scales of Sin {rPois rF+ rC+
                  | Int+7 Dex+2} (Okawaru gifted it to you on level 2 of the
                  | Orcish Mines)
 31135 | Snake:1  | Entered Level 1 of the Snake Pit
 31570 | Snake:1  | Found a hide-covered altar of Uskayaw.
 31890 | Snake:1  | Received a gift from Okawaru
 31891 | Snake:1  | Got a bloodstained scale mail {god gift}
 31902 | Snake:1  | Identified the +0 scale mail "Fomimied" {rF++ Int+3 SInv}
                  | (Okawaru gifted it to you on level 1 of the Snake Pit)
 32144 | Snake:1  | Found Rugusur's Jewellery Shoppe.
 32144 | Snake:1  | Found Erasoil's Gadget Shop.
 32145 | Snake:1  | Found Kouvedei's Gadget Shop.
 32153 | Snake:1  | Bought the ring of the Mage {Wiz MR++ Int+3} for 568 gold
                  | pieces
 32153 | Snake:1  | Found the ring of the Mage {Wiz MR++ Int+3}
 32324 | Snake:2  | Noticed a nagaraja
 32336 | Snake:2  | Killed a nagaraja
 32645 | Snake:2  | Found Jebir's Armour Emporium.
 32649 | Snake:2  | Found Boled's Magic Scroll Shoppe.
 32650 | Snake:2  | Found Deutirph's Food Emporium.
 32655 | Snake:2  | Bought a scroll of identify for 36 gold pieces
 32655 | Snake:2  | Bought a scroll of summoning for 171 gold pieces
 32655 | Snake:2  | Bought a scroll of holy word for 135 gold pieces
 32655 | Snake:2  | Bought 3 scrolls of identify for 108 gold pieces
 32730 | Snake:2  | Noticed a nagaraja
 32760 | Snake:2  | Killed a nagaraja
 32915 | Snake:2  | Noticed Vashnia
 32944 | Snake:2  | HP: 5/111 [Vashnia/arrow (2)]
 33909 | Snake:1  | Killed Vashnia
 34154 | Snake:2  | Reached skill level 15 in Shields
 34159 | Snake:2  | Received a gift from Okawaru
 34752 | Snake:3  | Received a gift from Okawaru
 34752 | Snake:3  | Reached skill level 1 in Throwing
 34840 | Snake:3  | Reached XP level 17. HP: 113/116 MP: 21/21
 35311 | Snake:3  | Found a blossoming altar of Fedhas.
 35672 | Snake:3  | Reached skill level 5 in Throwing
 35780 | Snake:4  | Entered Level 4 of the Snake Pit
 35825 | Snake:3  | Received a gift from Okawaru
 36353 | Snake:4  | Received a gift from Okawaru
 37623 | Snake:4  | Reached skill level 10 in Throwing
 37901 | Snake:4  | Received a gift from Okawaru
 38018 | Snake:4  | Got a serpentine rune of Zot
 38739 | Elf:1    | Entered Level 1 of the Elven Halls
 38977 | Elf:1    | Reached XP level 18. HP: 75/122 MP: 22/22
 39414 | Elf:1    | Identified the Tome of Necromancy
 39457 | Elf:1    | Noticed Aizul
 39485 | Elf:1    | Killed Aizul
 40699 | Elf:2    | Received a gift from Okawaru
 40708 | Elf:2    | Got an agate-encrusted plate armour
 40722 | Elf:2    | Identified the cursed +0 plate armour "Daidyr" {rPois MR-
                  | Int+10 Stlth+} (You found it on level 2 of the Elven Halls)
 41170 | Elf:2    | Noticed a deep elf blademaster
 41244 | Elf:2    | Received a gift from Okawaru
 42165 | Elf:2    | Found a runed translucent gate.
 42165 | Elf:2    | Found a runed translucent gate.
 42165 | Elf:2    | Found a runed translucent gate.
 42511 | Elf:2    | Killed a deep elf blademaster
 43205 | Shoals:1 | Entered Level 1 of the Shoals
 43334 | Shoals:1 | Noticed Kirke
 43345 | Shoals:1 | Killed Kirke
 43345 | Shoals:1 | Received a gift from Okawaru
 43713 | Shoals:1 | Noticed Nikola
 43733 | Shoals:1 | Killed Nikola
 43745 | Shoals:1 | Reached XP level 19. HP: 70/132 MP: 17/23
 44842 | Shoals:2 | Received a gift from Okawaru
 44880 | Shoals:2 | Found Iduntar's Assorted Antiques.
 44894 | Shoals:2 | Bought a scroll of enchant armour for 225 gold pieces
 44894 | Shoals:2 | Bought a scroll of blinking for 225 gold pieces
 44894 | Shoals:2 | Bought 3 scrolls of identify for 180 gold pieces
 44911 | Shoals:2 | Noticed Polyphemus
 44941 | Shoals:2 | Killed Polyphemus
 46278 | Shoals:3 | Noticed Ilsuiw
 46300 | Shoals:3 | Killed Ilsuiw
 46568 | Shoals:3 | Found Eqalel's Weapon Emporium.
 47109 | Shoals:3 | Found Zetoiw's Assorted Antiques.
 47128 | Shoals:3 | Bought a potion of heal wounds for 155 gold pieces
 47128 | Shoals:3 | Bought a scroll of enchant weapon for 232 gold pieces
 47437 | Shoals:4 | Entered Level 4 of the Shoals
 47616 | Shoals:4 | Received a gift from Okawaru
 47630 | Shoals:4 | Received a gift from Okawaru
 47800 | Shoals:4 | Found the +3 giant club "Skullcrusher" {speed, Str+7}
 48997 | Shoals:4 | Received a gift from Okawaru
 49041 | Shoals:4 | Got a barnacled rune of Zot
 49936 | Vaults:1 | Entered Level 1 of the Vaults
 50015 | Vaults:1 | Received a gift from Okawaru
 50043 | Vaults:1 | Reached XP level 20. HP: 131/139 MP: 24/24
 50353 | D:14     | Received a gift from Okawaru
 50473 | D:14     | Received a gift from Okawaru
 50480 | D:14     | Reached skill level 10 in Dodging
 50493 | D:14     | Got a translucent morningstar {god gift}
 50494 | D:14     | Identified the +7 morningstar "Gargoyle's Foe" {vorpal,
                  | Stlth+} (Okawaru gifted it to you on level 14 of the
                  | Dungeon)
 51752 | Vaults:1 | Received a gift from Okawaru
 52569 | Vaults:2 | Received a gift from Okawaru
 52570 | Vaults:2 | Found the +6 shillelagh "Devastator" {shatter}
 53635 | Vaults:2 | Received a gift from Okawaru
 53908 | Vaults:3 | Reached XP level 21. HP: 143/144 MP: 25/25
 54213 | Vaults:3 | Found a staircase to the Crypt.
 54370 | Vaults:3 | Found Eckailip's Distillery.
 54654 | Vaults:3 | Noticed Jory
 54923 | Vaults:3 | Noticed Xtahua
 54942 | Vaults:3 | Killed Xtahua
 55955 | Vaults:3 | Killed Jory
 56101 | Vaults:4 | Received a gift from Okawaru
 56166 | Vaults:4 | Received a gift from Okawaru
 56369 | Vaults:4 | Got a pair of smoking gloves {god gift}
 56375 | Vaults:4 | Identified the +1 pair of gloves of Okawaru's Grace {rC+}
                  | (Okawaru gifted it to you on level 4 of the Vaults)
 57118 | Vaults:4 | Received a gift from Okawaru
 57156 | Vaults:4 | Killed from afar by a deep elf annihilator

Illustrated notes

Levels and vault maps discovered:
D:1:      mushboom_english_gardens, layout_basic
D:2:      layout_basic, nicolae_overflow_crystal_walls, uniq_terence
D:3:      layout_basic, lemuel_round_altar, lexackson_kobold_supper
D:4:      layout_rooms, minmay_temple_entry_crystal_x, uniq_eustachio,
          uniq_robin, uniq_blork_the_orc
D:5:      layout_rooms, first_ration
D:6:      layout_loops_ring, vehumet_crystals, doesnt_xom_only_xom,
          minmay_fractal_squares_gapless_5
D:7:      layout_layer_cave
D:8:      layout_rooms
D:9:      layout_grid_maze, dpeg_oklobed_lair, serial_glass, glass_columns_b,
          glass_columns_a
D:10:     minmay_the_grid_triangle_9x9_rhombus_thin_mashed
          [minmay_the_grid_triangle_9x9_alien,
          minmay_the_grid_triangle_9x9_prize_schism,
          minmay_the_grid_triangle_9x9_shrine,
          minmay_the_grid_triangle_9x9_swiss_cheese], layout_basic, uniq_snorg
D:11:     layout_loops_ring, basic_altar, uniq_sonja
D:12:     layout_irregular_city, hangedman_ranch [blue_anna_fruit_fields]
D:13:     lemuel_slime, layout_loops_cross
D:14:     layout_irregular_city, grunt_vaults_entry_tiered,
          gauntlet_entry_generic, hangedman_abyss_or_decor_passed,
          enter_bailey_3
Temple:   nicolae_temple_no_exploring_needed
Lair:1:   layout_gridlike, beast_lair_carwin_5
Lair:2:   layout_long_grid, minmay_snake_entry_guardpost_small, minivault_19
Lair:3:   layout_regular_city, minmay_shoals_entry_beasts, basic_altar,
          grunt_forest_small_clearings, grunt_megastairs_4, lemuel_fruit_fields
Lair:4:   layout_regular_city, uniq_nessos
Lair:5:   layout_regular_city, minmay_slime_entry_pillars
Lair:6:   grunt_lair_end_beastmaster, layout_concentric_octagons, minivault_25,
          serial_bayou_shore_a
Shoals:1: cheibrodos_shoals_baths, layout_shoals, nicolae_shoals_undead_eyrie,
          uniq_kirke, uniq_nikola
Shoals:2: layout_shoals, serial_shops,
          nicolae_shop_temple_entry_statues_fountains, uniq_polyphemus
Shoals:3: layout_shoals, serial_shops, shop, nicolae_shoals_c_island,
          uniq_ilsuiw
Shoals:4: shoals_end_grunt_ice, layout_shoals, nicolae_shoals_loop_pool
Snake:1:  layout_basic, serial_corexii_hall, corexii_hall_statues_l,
          corexii_hall_statues_x, basic_altar, nicolae_snake_lava_pool,
          minmay_shop_grove
Snake:2:  layout_grid_shapes, grunt_ministairs_14, minmay_shop_star,
          serial_bayou_shore_b, uniq_vashnia
Snake:3:  layout_gridlike, basic_altar, nrook_guardian_serpent_double
Snake:4:  minmay_snake_end_coiled, layout_chambers
Orc:1:    layout_caves, bh_open_orc_temple, uniq_gastronok, uniq_erica
Orc:2:    st_orc_elflike, layout_diamond_mine, nicolae_orc_lost_temple,
          uniq_maurice
Elf:1:    layout_loops_corners, minmay_elf_necromancy, uniq_aizul
Elf:2:    layout_loops_ring, nicolae_elf_big_sculpture_2, solitary_fountain
Vaults:1: nicolae_vaults_c_with_doors, nicolae_vaults_little_squares_3,
          v_misc_8, nicolae_vaults_network_s, hangedman_vaults_slither,
          ontoclasm_vaults_chip, ontoclasm_vaults_claustrophobia,
          nicolae_vaults_diagonal_hallway_8, layout_vaults_maze_snakey
Vaults:2: nicolae_vaults_little_squares_2, nicolae_vaults_big_angled_halls,
          vaults_standard_mumra_enter_the_diamond, vaults_dpeg_hooks,
          nicolae_vaults_diagonal_hallway_7, v_misc_9, nicolae_vaults_theta,
          nicolae_vaults_network_quinsquares
          [nicolae_vaults_network_quincunx_subvault,
          nicolae_vaults_network_quincunx_subvault,
          nicolae_vaults_network_quincunx_subvault,
          nicolae_vaults_network_quincunx_subvault], hangedman_vaults_corner,
          st_lines, v_misc_18, ontoclasm_vaults_misaligned,
          nicolae_vaults_stairing_the_circle, layout_vaults_omnicross
Vaults:3: vaults_room_octagon, nicolae_vaults_rhombus_5, v_rooms_5,
          nicolae_vaults_big_angled_halls, v_pattern_2,
          minmay_crypt_entry_simple_round, nicolae_vaults_asterisk,
          vaults_room_pool, nicolae_vaults_rhombus_7, layout_vaults_omnigrid,
          serial_shops, nicolae_shop_waterfront, uniq_xtahua, uniq_jory
Vaults:4: grunt_vaults_swirl, v_misc_28, v_misc_26,
          minmay_guarded_unrand_guard_vaults, grunt_vaults_twisty, v_misc_29,
          v_misc_27, nicolae_vaults_diagonal_hallway_6, layout_vaults_ring

Skill      XL: |  1  2  3  4  5  6  7  8  9 10 11 12 13 14 15 16 17 18 19 20 21 |
---------------+----------------------------------------------------------------+-----
Maces & Flails | 3 4 6 7 10 12 13 14 16 18 19 | 19.7
Fighting       | 4 5 6 9 12 13 16 18 19 | 19.1
Shields        | 4 10 15 16 17 19 | 19.5
Armour         | 8 13 14 | 14.2
Dodging        | 6 9 11 13 | 13.2
Invocations    | 6 |  6.3
Throwing       | 2 10 11 | 11.3

Action                   |  1- 3 |  4- 6 |  7- 9 | 10-12 | 13-15 | 16-18 | 19-21 || total
-------------------------+-------+-------+-------+-------+-------+-------+-------++-------
Melee: Flail             |    98 |   315 |    61 |       |       |       |       ||   474
       Whip              |       |       |   451 |  1463 |  1271 |       |       ||  3185
       Morningstar       |       |       |       |       |  1009 |  1808 |   378 ||  3195
       Eveningstar       |       |       |       |       |       |       |  1159 ||  1159
       Shillelagh        |       |       |       |       |       |       |   278 ||   278
Throw: Dart              |       |       |     7 |     8 |       |     1 |       ||    16
       Javelin           |       |       |       |       |     4 |   143 |    31 ||   178
       Throwing net      |       |       |       |       |     1 |     2 |     4 ||     7
Invok: Heroism           |       |       |     3 |     6 |     9 |     2 |     2 ||    22
       Finesse           |       |       |       |       |     2 |     5 |     4 ||    11
 Abil: Stop Flying       |       |       |       |       |     2 |       |     2 ||     4
       Fly               |       |       |       |       |     1 |       |     2 ||     3
Evoke: Wand              |       |       |       |       |     7 |       |       ||     7
  Use: Scroll            |       |       |     4 |    13 |    13 |    21 |    14 ||    65
       Potion            |       |       |       |     4 |     8 |    10 |     8 ||    30
 Stab: Held in net/web   |       |       |       |       |       |     2 |     1 ||     3
       Invisible         |       |       |       |       |       |     2 |       ||     2
       Distracted        |       |       |       |       |       |     1 |       ||     1
  Eat: Chunk             |       |     9 |     8 |    22 |    26 |    25 |    30 ||   120
       Ration            |       |       |     1 |     3 |     6 |     6 |     4 ||    20
Armor: Scale mail        |    74 |   244 |       |       |       |       |       ||   318
       Storm dragon scal |       |    30 |   247 |   693 |   952 |       |       ||  1922
       Gold dragon scale |       |       |       |       |   395 |  1339 |  1150 ||  2884
Dodge: Dodged            |    32 |   214 |   147 |   344 |   734 |   500 |   516 ||  2487
Block: Kite shield       |    60 |    72 |       |       |       |       |  1086 ||  1218
       Buckler           |       |    76 |   102 |   205 |   483 |   611 |   169 ||  1646
       Reflection        |       |       |       |     1 |    10 |    77 |    21 ||   109
